AoeStats
← Robermad

Arabia

510550783Analyzed
1v1 RM · 12h ago on Oct 1, 2026· 25m 30s· 2 players
Game mode
Random Map
Map size
Tiny (2 player)
Population
200
Speed
Normal
Resources
Standard
Victory
Conquest
Starting age
Dark Age
Ending age
Imperial Age
RankedLock teamsTeams togetherTeam positionsShared explorationLock speedFull tech treeHidden civsTurbo modeCheats
Victory
Defeat
🇧🇴 Spanish · Bolivia
1232
+14
🇪🇸 Turks · Spain
1199
-14
Robermad
6:39 Loom
8:57 Feudal Age
9:46 Double-Bit Axe
10:12 Horse Collar
16:49 Wheelbarrow
16:56 Town Watch
20:23 Castle Age
20:10 Forging
22:28 Bloodlines
22:18 Husbandry
22:30 Scale Barding Armor
23:00 Iron Casting
boaa
7:12 Loom
9:32 Feudal Age
10:00 Double-Bit Axe
9:56 Horse Collar
10:00 Man-at-Arms
17:19 Gold Mining
18:01 Stone Mining
21:57 Castle Age
20:42 Bloodlines
20:58 Scale Barding Armor
21:35 Forging
23:15 Chain Barding Armor
22:59 Husbandry
Connection lost

Rejoining the realm…

Still unreachable

The connection could not be restored.

Session expired

The server has moved on; the page needs a fresh start.